 Dungeon Crawl Stone Soup version 0.20.0 (webtiles) character file.

71727 edsrzf the Warrior (level 15, -16/202 HPs)
             Began as a Barachi Hunter on June 2, 2017.
             Was the Champion of Trog.
             Demolished by a two-headed ogre
             ... wielding a +0 giant club
              (19 damage)
             ... while paralysed by an ogre mage
             ... on level 2 of the Orcish Mines on June 3, 2017.
             The game lasted 01:12:11 (21659 turns).

edsrzf the Warrior (Barachi Hunter)                Turns: 21659, Time: 01:12:13

Health: -16/202    AC: 14    Str: 18    XL:     15   Next: 37%
Magic:  22/22      EV:  2    Int: 18    God:    Trog [******]
Gold:   1665       SH:  0    Dex: 16    Spells: 14/14 levels left

rFire    . . .     SeeInvis .   a - +5 double sword "Eveps" {elec, +Rage rC+}
rCold    + + .     Gourm    .   (no shield)
rNeg     . . .     Faith    +   C - +2 robe of Vines {NoPotionHeal Regen+7}
rPois    +         Spirit   .   A - +0 helmet of Uwnebuj {+Inv}
rElec    .         Reflect  .   q - +2 cloak of Fotutesiqo {rC+ Int+5}
rCorr    .         Harm     .   p - +2 pair of gloves
MR       +....     Rnd*Rage +   u - +0 pair of boots
Stlth    ..........             k - amulet of faith {!P}
Regen    3.3/turn               T - ring of flight
MPRegen  0.2/turn               g - ring of poison resistance

@: paralysed, berserking, slow
A: +LOS, swims, berserk 1, shaggy fur 1, slowness 1, weak 1, strong legs 2
a: Hop, Berserk, Trog's Hand, Brothers in Arms, Burn Spellbooks, Renounce
Religion, Evoke Berserk Rage, Evoke Invisibility, Evoke Flight


You were on level 2 of the Orcish Mines.
You worshipped Trog.
Trog was exalted by your worship.
You were not hungry.

You visited 3 branches of the dungeon, and saw 21 of its levels.
You also visited: Labyrinth and Bailey.

You collected 1837 gold pieces.
You spent 172 gold pieces at shops.

Inventory:

Hand Weapons
 a - the +5 double sword "Eveps" (weapon) {elec, +Rage rC+}
   (Trog gifted it to you on level 2 of the Lair of Beasts)

   Occasionally, upon striking a foe, it will discharge some electrical energy
   and cause terrible harm.
   It protects you from cold.
   It lets you go berserk.
 b - a +3 scimitar of flaming
 w - a +0 blowgun
Missiles
 c - 8 javelins
 l - 3 throwing nets {=f}
 o - 9 needles of paralysis
 G - 21 curare-tipped needles {=f}
 K - 14 javelins of returning (quivered)
 L - 6 needles of confusion
 O - 6 steel javelins
 R - 6 needles of sleeping
 X - 8 poisoned tomahawks
 Z - 3 poisoned javelins
Armour
 p - a +2 pair of gloves (worn)
 q - the +2 cloak of Fotutesiqo (worn) {rC+ Int+5}
   (You found it on level 5 of the Dungeon)

   It affects your intelligence (+5).
   It protects you from cold.
 u - a +0 pair of boots (worn)
 A - the +0 helmet of Uwnebuj (worn) {+Inv}
   (You found it in a labyrinth)

   It lets you turn invisible.
 C - the +2 robe of Vines (worn) {NoPotionHeal Regen+7}
   (You found it in a bailey)

   It increases your rate of regeneration.
Jewellery
 g - a ring of poison resistance (right hand)
 k - an amulet of faith (around neck) {!P}
 I - an uncursed amulet of guardian spirit
 T - a ring of flight (left hand)
Wands
 d - a wand of confusion (9/48)
 s - a wand of iceblast (9/15)
 y - a wand of acid (6/15)
 F - a wand of scattershot (6/9)
 M - a wand of acid (1/15)
 Q - a wand of iceblast (3/15)
 U - a wand of digging (10/24)
 V - a wand of confusion (22/48)
 Y - a wand of iceblast (1/15)
Scrolls
 h - 2 scrolls of fog
 j - 2 scrolls of remove curse {@r2}
 m - 4 scrolls of teleportation {@r3}
 n - 6 scrolls of enchant armour
 r - 3 scrolls of magic mapping
 x - a scroll of fear
 D - 3 scrolls of enchant weapon
 H - 3 scrolls of blinking
 N - a scroll of holy word
Potions
 e - 4 potions of curing
 v - 3 potions of magic
 z - 3 potions of haste
 B - 2 potions of resistance
 J - 2 potions of agility
 P - a potion of might
 S - a potion of cancellation
 W - 2 potions of flight
Comestibles
 f - 15 bread rations
 i - 13 meat rations
 t - 9 royal jellies
 E - 30 fruits


   Skills:
 + Level 17.7 Fighting
 - Level 16.0 Long Blades
 + Level 10.4 Throwing
 - Level 5.0 Armour
 + Level 10.8 Dodging
 - Level 0.8 Stealth
 - Level 10.0 Evocations


You had 14 spell levels left.
You didn't know any spells.

Dungeon Overview and Level Annotations

Branches:
Dungeon (13/15)            Temple (0/1) D:7            Lair (6/6) D:10
  Swamp (0/4) Lair:4       Spider (0/4) Lair:4        Slime (0/5) Lair:6
    Orc (2/2) D:11
    Elf: Orc:2       Vaults: D:13-14

Altars:
Dithmenos
Elyvilon
Fedhas
Gozag
Makhleb
Nemelex Xobeh
Qazlal
Sif Muna
Trog
Uskayaw
Xom
Zin
The Shining One

Shops:
D:5 ?   D:7 =   D:10 =   D:11 (   Orc:2 *


Innate Abilities, Weirdness & Mutations

Shadows flee at your approach. (+LOS)
You can swim through water.
You cover ground slowly.
You can hop longer distances.
You tend to lose your temper in combat.
You are covered in fur. (AC +1)
You are weak. (Str -2)


Message History

The ogre completely misses you.
You riposte.
You hit the ogre.
The ogre is moderately wounded.
The two-headed ogre closely misses you.
The two-headed ogre completely misses you.
The troll bites you. The troll claws you but does no damage.
The troll closely misses you.
You slash the troll!
The troll is almost dead.
A red film seems to cover your vision as you go berserk!
You feel yourself moving faster!
You feel mighty!
You slash the troll! Lightning courses through the troll!
You kill the troll!
Trog accepts your kill.
The troll leather armour is intact enough to wear.
You dice the ogre like an onion!!! Lightning courses through the ogre!
You kill the ogre!
Trog accepts your kill. The two-headed ogre closely misses you.
You riposte.
You slice the two-headed ogre!!
The two-headed ogre is almost dead.
The two-headed ogre hits you but does no damage.
The two-headed ogre completely misses you.
You riposte.
You dice the two-headed ogre like an onion!!!
The two-headed ogre is severely wounded.
The two-headed ogre completely misses you.
You hear a shout!
Things that are here:
a giant club; a +0 troll leather armour; a troll corpse You slice the troll!!
The troll is heavily wounded.
The troll closely misses you. The troll claws you but does no damage.
The troll closely misses you.
You slice the troll!!
The troll is almost dead.
The two-headed ogre hits you with a giant club. x2
You hit the troll.
You feel the power of Trog in you as your rage grows.
You kill the troll!
Trog accepts your kill.
The two-headed ogre hits you but does no damage.
The two-headed ogre hits you with a giant spiked club!
You closely miss the troll. You slash the troll!
The troll is moderately wounded.
The two-headed ogre closely misses you.
You riposte.
You slice the two-headed ogre!!
You feel the power of Trog in you as your rage grows.
You kill the two-headed ogre!
Trog accepts your kill. The troll misses you. The troll closely misses you.
The troll misses you.
You completely miss the troll.
The troll is moderately wounded.
You closely miss the troll.
The troll is moderately wounded.
The troll misses you. The troll claws you.
The troll claws you but does no damage.
You hit the troll.
The troll is heavily wounded.
The two-headed ogre misses you.
The two-headed ogre completely misses you.
You carve the troll like a ham!!!
You kill the troll!
Trog accepts your kill.
The two-headed ogre hits you with a giant club! x2
You hit the two-headed ogre.
Lightning courses through the two-headed ogre!
The two-headed ogre is almost dead.
You slash the two-headed ogre!
You kill the two-headed ogre!
Trog accepts your kill.
The cyclops throws a large rock.
The large rock barely misses you.
The two-headed ogre hits you with a giant club!
The two-headed ogre completely misses you.
You slice the two-headed ogre!!
You kill the two-headed ogre!
Trog accepts your kill. The ogre mage casts a spell at you.
You suddenly lose the ability to move!
The two-headed ogre hits you with a giant club!
The two-headed ogre hits you but does no damage.
The ogre hits you with a giant club!
The two-headed ogre hits you but does no damage.
The two-headed ogre hits you with a giant club.
The cyclops hits you!! The ogre hits you with a giant club.
The two-headed ogre hits you with a giant club! x2
The cyclops hits you.
The two-headed ogre hits you with a giant club!!
* * * LOW HITPOINT WARNING * * *
The two-headed ogre hits you with a giant club!
* * * LOW HITPOINT WARNING * * *
The cyclops hits you!!
* * * LOW HITPOINT WARNING * * *
An orc sorcerer comes into view. It is wielding a dagger.
The two-headed ogre hits you with a giant club!!
* * * LOW HITPOINT WARNING * * *
The two-headed ogre hits you with a giant spiked club.
* * * LOW HITPOINT WARNING * * *
The two-headed ogre hits you with a giant club!!
You die...

......# #....%..........
.......#### ##.............#
........#.####.............#
...........##..............#
...............##.........###
...........TO.#####......###.
........TOOO###........)##..
#..OTOOOOC......#...†....
......#T#.#@##.....#.....)..
O.##.OO#####.#....#...##)...
#OT. #.#....##...##.)...
C.T.# ##.........##..)...
.OTO.# ##........##......
T.OT.# ###..............
T.{.T ##............# .O..
#...........##


OOT. ###.o......## You could see 3 two-headed ogres, an ogre mage, a deep troll,
a cyclops, 2 trolls, an orc sorcerer and 5 ogres.

Vanquished Creatures
  An orc warlord (Orc:1)
  A dire elephant (Lair:4)
  A minotaur (Lab)
  Snorg (D:11)
  Josephine (Lair:6)
  5 two-headed ogres
  5 hydras
  Erica (D:11)
  3 catoblepae (Lair:6)
  9 death yaks (Lair:6)
  Urug (Orc:1)
  Sonja (D:11)
  Nergalle (D:11)
  2 orc knights (Bailey)
  2 oklob plants (Lair:6)
  3 orc sorcerers (Orc:1)
  2 manticores (Lair:6)
  Maurice (D:11)
  32 elephants
  8 spiny frogs
  A black mamba (Lair:1)
  Psyche (D:8)
  2 torpor snails (Lair:6)
  3 gargoyles
  2 rime drakes
  A kobold demonologist (D:11)
  5 komodo dragons
  10 trolls
  A hornet (D:11)
  14 blink frogs
  2 dream sheep (D:8)
  4 hippogriffs
  A spriggan (Lair:4)
  3 wraiths (Lair:6)
  65 yaks
  A centaur simulacrum (D:11)
  Eustachio (D:4)
  2 wyverns
  4 basilisks
  A steam dragon (D:7)
  A hungry ghost (D:10)
  9 water moccasins
  8 porcupines
  19 orc warriors
  2 black bears
  A sky beast (D:5)
  4 ice beasts
  3 eyes of draining
  A phantom (D:9)
  12 ogres
  A necrophage (D:11)
  8 wolves
  8 centaurs
  6 crocodiles
  6 big kobolds
  13 bullfrogs
  A wyvern skeleton (D:11)
  4 scorpions
  19 killer bees
  5 howler monkeys
  4 electric eels (D:10)
  3 crimson imps
  3 centaur zombies
  A quasit (D:6)
  A bullfrog zombie (D:5)
  7 hounds
  A jelly (D:7)
  21 orc wizards
  11 orc priests
  4 bullfrog skeletons
  Ijyb (D:2)
  6 iguanas
  3 hell rats (Lair:2)
  14 worker ants
  2 hound zombies
  2 hound skeletons
  A worker ant zombie (D:11)
  13 gnolls
  7 adders
  2 howler monkey skeletons
  5 river rats
  3 shadow imps
  An ooze (D:1)
  An adder zombie (D:6)
  An adder skeleton (D:6)
  10 worms
  4 dart slugs (D:1)
  6 leopard geckos
  60 orcs
  5 giant cockroaches
  8 hobgoblins
  22 jackals
  15 kobolds
  4 quokkas
  3 ball pythons
  7 bats
  5 frilled lizards
  9 goblins
  A leopard gecko skeleton (D:4)
  2 quokka zombies (D:6)
  10 rats
625 creatures vanquished.

Vanquished Creatures (others)
  6 bushes (Lair:6)
  51 fungi
  17 plants
74 creatures vanquished.

Grand Total: 699 creatures vanquished

Notes
Turn   | Place    | Note
-------+----------+-------------------------------------------
     0 | D:1      | edsrzf the Barachi Hunter began the quest for the Orb.
     0 | D:1      | Reached XP level 1. HP: 17/17 MP: 1/1
   244 | D:1      | Reached XP level 2. HP: 23/23 MP: 2/2
   253 | D:1      | Reached skill level 3 in Fighting
   554 | D:1      | Reached XP level 3. HP: 24/29 MP: 3/3
  1324 | D:2      | Noticed Ijyb
  1513 | D:2      | Killed Ijyb
  1513 | D:2      | Reached skill level 4 in Fighting
  1513 | D:2      | Reached skill level 5 in Throwing
  1513 | D:2      | Reached XP level 4. HP: 33/37 MP: 4/4
  1826 | D:2      | Reached XP level 5. HP: 16/43 MP: 5/5
  2035 | D:2      | Found a deep blue altar of Sif Muna.
  2065 | D:2      | Found a stormy altar of Qazlal.
  2231 | D:3      | Found a white marble altar of Elyvilon.
  2285 | D:3      | Identified 2 scrolls of identify
  2285 | D:3      | Identified 2 potions of curing
  2286 | D:3      | Identified a potion of haste
  2511 | D:3      | Found a bloodstained altar of Trog.
  2516 | D:3      | Became a worshipper of Trog the Wrathful
  3193 | D:4      | Reached * piety under Trog
  3193 | D:4      | Reached skill level 5 in Fighting
  3208 | D:4      | Identified a potion of magic
  3243 | D:4      | Reached XP level 6. HP: 45/51 MP: 6/6
  3456 | D:4      | Reached skill level 6 in Throwing
  3689 | D:4      | Got a brightly glowing robe
  3700 | D:4      | Identified the cursed +0 robe of the Heavens {MR+} (You found it on level 4 of the Dungeon)
  3700 | D:4      | Identified 3 scrolls of teleportation
  3701 | D:4      | Identified 2 scrolls of magic mapping
  3702 | D:4      | Identified 2 scrolls of remove curse
  3784 | D:4      | Reached skill level 6 in Fighting
  4027 | D:4      | Noticed Eustachio
  4050 | D:4      | Killed Eustachio
  4050 | D:4      | Reached XP level 7. HP: 30/59 MP: 7/7
  4516 | D:4      | Reached ** piety under Trog
  4520 | D:4      | Reached skill level 7 in Fighting
  4527 | D:4      | Reached skill level 7 in Throwing
  4762 | D:4      | Found a glowing golden altar of the Shining One.
  4769 | D:4      | Found a sparkling altar of Nemelex Xobeh.
  4769 | D:4      | Found a glowing silver altar of Zin.
  4964 | D:5      | Entered Level 5 of the Dungeon
  5190 | D:5      | Reached skill level 1 in Long Blades
  5190 | D:5      | Reached XP level 8. HP: 56/67 MP: 8/8
  5205 | D:5      | Reached skill level 2 in Long Blades
  5245 | D:5      | Reached skill level 3 in Long Blades
  5391 | D:5      | Got a transparent cloak
  5415 | D:5      | Reached skill level 4 in Long Blades
  5421 | D:5      | Identified the +2 cloak of Fotutesiqo {rC+ Int+5} (You found it on level 5 of the Dungeon)
  5559 | D:5      | Reached skill level 5 in Long Blades
  5745 | D:5      | Found Wauqazy's Magic Scroll Boutique.
  5748 | D:5      | Bought a scroll of identify for 30 gold pieces
  5748 | D:5      | Bought a scroll of enchant weapon for 112 gold pieces
  5748 | D:5      | Bought a scroll of identify for 30 gold pieces
  5748 | D:5      | Identified a potion of lignification
  5749 | D:5      | Identified a potion of resistance
  5812 | D:5      | Reached skill level 6 in Long Blades
  6221 | D:5      | Reached skill level 3 in Dodging
  6304 | D:5      | Found a burning altar of Makhleb.
  6321 | D:5      | Found a shadowy altar of Dithmenos.
  6666 | D:6      | Reached *** piety under Trog
  6732 | D:6      | Reached skill level 7 in Long Blades
  6835 | D:6      | Found a blossoming altar of Fedhas.
  6981 | D:6      | Found a shimmering altar of Xom.
  6994 | D:6      | Reached skill level 4 in Dodging
  6994 | D:6      | Reached XP level 9. HP: 69/72 MP: 9/9
  7392 | D:6      | Reached skill level 8 in Long Blades
  7645 | D:7      | Found a staircase to the Ecumenical Temple.
  7675 | D:7      | Reached skill level 5 in Dodging
  7795 | D:7      | Found an opulent altar of Gozag.
  7916 | D:7      | Identified a potion of mutation
  7917 | D:7      | Gained mutation: You have sharp fingernails. [potion of mutation]
  7917 | D:7      | Gained mutation: Your mind is acute. (Int +2) [potion of mutation]
  7929 | D:7      | Found Wosisosch's Jewellery Emporium.
  8257 | D:7      | Found a hide-covered altar of Uskayaw.
  8285 | D:7      | Reached skill level 9 in Long Blades
  8290 | D:7      | Reached skill level 6 in Dodging
  8790 | D:7      | Reached **** piety under Trog
  8907 | D:7      | Reached skill level 7 in Dodging
  9230 | D:7      | Identified a potion of heal wounds
  9231 | D:7      | Identified a potion of brilliance
  9290 | D:8      | Found a glowing silver altar of Zin.
  9303 | D:8      | Reached skill level 10 in Long Blades
  9327 | D:8      | Reached XP level 10. HP: 35/79 MP: 10/10
  9559 | D:8      | Received a gift from Trog
  9639 | D:8      | Noticed Psyche
  9661 | D:8      | Killed Psyche
  9661 | D:8      | Reached skill level 8 in Dodging
  9690 | D:8      | Found a flagged portal.
  9695 | D:8      | Noticed a two-headed ogre
  9711 | D:8      | Killed a two-headed ogre
  9711 | D:8      | Reached skill level 8 in Fighting
  9711 | D:8      | Reached skill level 11 in Long Blades
  9757 | Bailey   | Entered a bailey
  9832 | Bailey   | Noticed an orc knight
  9835 | Bailey   | Received a gift from Trog
  9843 | Bailey   | Killed an orc knight
  9850 | Bailey   | Reached skill level 1 in Evocations
  9964 | Bailey   | Noticed an orc knight
  9982 | Bailey   | Killed an orc knight
  9982 | Bailey   | Reached skill level 4 in Evocations
 10313 | Bailey   | Reached skill level 5 in Evocations
 10506 | D:8      | Reached skill level 6 in Evocations
 10514 | D:8      | Reached skill level 9 in Fighting
 10514 | D:8      | Reached XP level 11. HP: 89/89 MP: 15/15
 10637 | D:8      | Noticed a two-headed hydra
 10645 | D:8      | Killed a one-headed hydra
 10645 | D:8      | Reached skill level 12 in Long Blades
 10714 | D:8      | Received a gift from Trog
 10922 | D:9      | Found a shimmering altar of Xom.
 11658 | D:9      | Reached skill level 10 in Fighting
 11912 | D:10     | Entered Level 10 of the Dungeon
 11960 | D:10     | Reached ***** piety under Trog
 12032 | D:10     | Identified the Reference Book on Twisted Darkness
 12196 | D:10     | Reached skill level 1 in Armour
 12339 | D:10     | Identified 3 scrolls of enchant armour
 12342 | D:10     | Identified 2 scrolls of fog
 12347 | D:10     | Identified a scroll of amnesia
 12360 | D:10     | Received a gift from Trog
 12363 | D:10     | Identified a scroll of recharging
 12446 | D:10     | You fall through a shaft for 3 floors!
 12462 | D:13     | Identified a potion of might
 12493 | D:12     | Identified a potion of cancellation
 12587 | D:12     | Reached skill level 2 in Armour
 12670 | D:12     | Reached skill level 3 in Armour
 12731 | D:11     | Noticed Erica
 12744 | D:11     | Received a gift from Trog
 12753 | D:11     | Noticed Nergalle
 12764 | D:11     | Killed Nergalle
 12764 | D:11     | Reached skill level 11 in Fighting
 12764 | D:11     | Reached skill level 13 in Long Blades
 12764 | D:11     | Reached skill level 4 in Armour
 12764 | D:11     | Killed Erica
 12824 | D:11     | Received a gift from Trog
 12839 | D:11     | Reached skill level 5 in Armour
 12844 | D:11     | Reached XP level 12. HP: 100/100 MP: 16/16
 12919 | D:10     | Received a gift from Trog
 13216 | D:10     | Found a staircase to the Lair.
 13445 | D:10     | Found Tamuzufi's Jewellery Shop.
 13508 | D:10     | Identified a potion of flight
 13632 | Lair:1   | Entered Level 1 of the Lair of Beasts
 13726 | Lair:1   | Noticed a six-headed hydra
 13739 | Lair:1   | Reached skill level 12 in Fighting
 13782 | Lair:1   | Killed a one-headed hydra
 13782 | Lair:1   | Reached skill level 14 in Long Blades
 14252 | Lair:2   | Received a gift from Trog
 14366 | Lair:2   | Identified 2 scrolls of noise
 14561 | Lair:2   | Reached ****** piety under Trog
 14561 | Lair:2   | Received a gift from Trog
 14565 | Lair:2   | Got a brightly glowing double sword {god gift}
 14566 | Lair:2   | Identified the +5 double sword "Eveps" {elec, +Rage rC+} (Trog gifted it to you on level 2 of the Lair of Beasts)
 14776 | Lair:3   | Reached skill level 13 in Fighting
 14847 | Lair:3   | Lost mutation: Your mind is acute. (Int +2) [potion of mutation]
 14847 | Lair:3   | Lost mutation: You have sharp fingernails. [potion of mutation]
 14847 | Lair:3   | Gained mutation: You are weak. (Str -2) [potion of mutation]
 14847 | Lair:3   | Gained mutation: You tend to lose your temper in combat. [potion of mutation]
 14847 | Lair:3   | Gained mutation: You are covered in fur. (AC +1) [potion of mutation]
 14880 | Lair:3   | Identified a scroll of blinking
 14915 | Lair:3   | Identified a scroll of acquirement
 14916 | Lair:3   | Got a slimy ring mail
 14927 | Lair:3   | Identified the +0 ring mail of Jearuac {MR+ SInv Stlth+} (You acquired it on level 3 of the Lair of Beasts)
 14948 | Lair:3   | Identified a scroll of holy word
 15188 | Lair:3   | Reached skill level 15 in Long Blades
 15630 | Lair:4   | Noticed an eight-headed hydra
 15645 | Lair:4   | Killed a nine-headed hydra
 15754 | Lair:4   | Gained mutation: You can hop longer distances. [Barachi growth]
 15754 | Lair:4   | Reached XP level 13. HP: 64/112 MP: 17/17
 15928 | Lair:4   | Identified a scroll of fear
 16052 | Lair:4   | Reached skill level 14 in Fighting
 16213 | Lair:4   | Reached skill level 16 in Long Blades
 16218 | Lair:4   | Noticed a dire elephant
 16305 | Lair:4   | Killed a dire elephant
 16378 | Lair:4   | Found a hole to the Spider Nest.
 16405 | Lair:4   | Identified 2 potions of berserk rage
 16439 | Lair:4   | Identified a potion of degeneration
 16490 | Lair:4   | Found a staircase to the Swamp.
 16670 | Lair:4   | Reached skill level 15 in Fighting
 16682 | Lair:4   | Received a gift from Trog
 16682 | Lair:4   | Reached skill level 7 in Evocations
 17133 | Lair:5   | Reached skill level 8 in Evocations
 17859 | Lair:6   | Entered Level 6 of the Lair of Beasts
 17964 | Lair:6   | Reached skill level 9 in Evocations
 17964 | Lair:6   | Reached XP level 14. HP: 43/124 MP: 20/20
 17965 | Lair:6   | Reached skill level 16 in Fighting
 18006 | Lair:6   | Found a staircase to the Slime Pits.
 18047 | Lair:6   | Noticed Josephine
 18060 | Lair:6   | Killed Josephine
 18065 | Lair:6   | Found a labyrinth entrance.
 18083 | Lab      | Entered a labyrinth
 18492 | Lab      | Received a gift from Trog
 18551 | Lab      | Identified the +0 helmet of Uwnebuj {+Inv} (You found it in a labyrinth)
 18774 | Lair:6   | Reached skill level 8 in Throwing
 18802 | Lair:6   | Reached skill level 10 in Evocations
 19154 | Lair:6   | Received a gift from Trog
 19166 | Lair:6   | Reached skill level 9 in Dodging
 19493 | Lair:6   | Reached skill level 9 in Throwing
 19543 | Lair:6   | Identified 2 potions of agility
 19756 | Lair:6   | Reached skill level 17 in Fighting
 20100 | D:11     | Noticed Snorg
 20123 | D:11     | Killed Snorg
 20186 | D:11     | Received a gift from Trog
 20285 | D:11     | Found a staircase to the Orcish Mines.
 20285 | D:11     | Found Foskyrhi's Weapon Boutique.
 20431 | D:11     | Noticed Sonja
 20435 | D:11     | Killed Sonja
 20435 | D:11     | Reached skill level 10 in Dodging
 20435 | D:11     | Reached XP level 15. HP: 134/134 MP: 22/22
 20718 | D:11     | Noticed Maurice
 20732 | D:11     | Killed Maurice
 21019 | Orc:1    | Entered Level 1 of the Orcish Mines
 21127 | Orc:1    | Noticed Urug
 21131 | Orc:1    | Received a gift from Trog
 21147 | Orc:1    | Killed Urug
 21147 | Orc:1    | Reached skill level 10 in Throwing
 21151 | Orc:1    | Noticed an orc warlord
 21177 | Orc:1    | Killed an orc warlord
 21485 | Orc:2    | Entered Level 2 of the Orcish Mines
 21620 | Orc:2    | Found Zixah's General Store.
 21653 | Orc:2    | Paralysed by an ogre mage for 6 turns
 21659 | Orc:2    | HP: 7/202 [two-headed ogre/giant club (19)]
 21659 | Orc:2    | HP: 3/202 [two-headed ogre/giant club (4)]
 21659 | Orc:2    | Demolished by a two-headed ogre

Skill      XL: |  1  2  3  4  5  6  7  8  9 10 11 12 13 14 15 |
---------------+----------------------------------------------+-----
Fighting       | 3 4 5 6 7 9 11 13 15 17 | 17.7
Throwing       | 5 6 7 9 10 | 10.4
Long Blades    | 1 7 10 11 13 15 16 | 16.0
Dodging        | 4 7 8 10 | 10.8
Evocations     | 6 9 10 | 10.0
Armour         | 5 |  5.0
Stealth        | |  0.8

Action                   |  1- 3 |  4- 6 |  7- 9 | 10-12 | 13-15 || total
-------------------------+-------+-------+-------+-------+-------++-------
Melee: Short sword       |   165 |    99 |       |       |       ||   264
       Unarmed           |     7 |       |       |       |       ||     7
       Dagger            |       |   152 |   111 |    30 |       ||   293
       Long sword        |       |       |   404 |   533 |       ||   937
       Scimitar          |       |       |       |   197 |    10 ||   207
       Falchion          |       |       |       |     6 |       ||     6
       Double sword      |       |       |       |    76 |   767 ||   843
Throw: Javelin           |     3 |       |     9 |    10 |    25 ||    47
       Throwing net      |     2 |       |       |       |       ||     2
       Stone             |       |    45 |     2 |       |       ||    47
Invok: Berserk           |       |       |     4 |     5 |     2 ||    11
       Burn Spellbooks   |       |       |       |     4 |     2 ||     6
       Trog's Hand       |       |       |       |       |     1 ||     1
 Abil: Hop               |       |     1 |       |     2 |     1 ||     4
Evoke: Wand              |       |       |       |    10 |     3 ||    13
  Use: Scroll            |       |     6 |     5 |    13 |    12 ||    36
       Potion            |       |       |     3 |     3 |       ||     6
 Stab: Sleeping          |     1 |       |     1 |     1 |       ||     3
       Distracted        |       |       |       |       |     1 ||     1
  Eat: Chunk             |     2 |    10 |    20 |    25 |    22 ||    79
       Royal jelly       |       |       |     1 |     2 |     2 ||     5
Armor: Leather armour    |    50 |    92 |   221 |    20 |       ||   383
       Skin              |       |       |       |    32 |     3 ||    35
       Robe              |       |       |       |   149 |   163 ||   312
       Ring mail         |       |       |       |     9 |       ||     9
Dodge: Dodged            |   111 |   149 |   404 |   561 |   487 ||  1712
       Rpst.: Long sword |       |       |    71 |    94 |       ||   165
       Scimitar          |       |       |       |    36 |     2 ||    38
       Double sword      |       |       |       |    22 |   123 ||   145
